 Dungeon Crawl Stone Soup version 0.21.0-24-g2553a33 (webtiles) character file.

1344 Monsterracer the Slasher (level 8, -4/60 HPs)
             Began as a Vampire Abyssal Knight on Jan 20, 2018.
             Was an Elder of Lugonu.
             Slain by an ogre
             ... wielding a +0 giant club
              (6 damage)
             ... on level 6 of the Dungeon.
             The game lasted 00:12:18 (4727 turns).

Monsterracer the Slasher (Vampire Abyssal Knight)   Turns: 4727, Time: 00:12:18

Health: -4/60      AC:  9    Str: 13    XL:     8   Next: 36%
Magic:  9/9        EV: 11    Int: 14    God:    Lugonu [****..]
Gold:   332        SH:  9    Dex: 16    Spells: 6/7 levels left

rFire    . . .     SeeInvis +   a - +2 falchion
rCold    . . .     Gourm    .   l - +0 shield
rNeg     . . .     Faith    .   o - +0 ring mail
rPois    .         Spirit   .   c - +2 helmet
rElec    .         Reflect  .   (no cloak)
rCorr    .         Harm     .   n - +0 pair of gloves
MR       .....                  (no boots)
Stlth    ..........             (no amulet)
HPRegen  0.40/turn              e - +2 ring of strength
MPRegen  0.11/turn              v - ring of loudness (curse)

@: regenerating quickly
A: fangs 3, see invisible, unbreathing
a: Depart the Abyss, Bend Space, Banish, Corrupt, Renounce Religion


You were on level 6 of the Dungeon.
You worshipped Lugonu.
Lugonu was greatly pleased with you.
You were very full.

You visited 1 branch of the dungeon, and saw 6 of its levels.
You visited the Abyss 1 time.

You collected 332 gold pieces.

Inventory:

Hand Weapons
 a - a +2 falchion (weapon)
Missiles
 p - 2 throwing nets (quivered)
Armour
 c - a +2 helmet (worn)
 l - a +0 shield (worn)
 n - a +0 pair of gloves (worn)
 o - a +0 ring mail (worn)
Jewellery
 e - a +2 ring of strength (left hand)
 v - a cursed ring of loudness (right hand)
 z - an uncursed ring of stealth
Wands
 b - a wand of enslavement (36)
 f - a wand of flame (37)
 r - a wand of iceblast (15)
Scrolls
 g - a scroll of remove curse
 j - a scroll of amnesia
 s - a scroll of enchant weapon
 u - a scroll of teleportation
Potions
 d - 10 potions of blood
 h - 3 potions of haste
 i - 3 potions of curing
 k - 3 potions of resistance
 m - 2 potions of brilliance
 q - 3 potions of mutation {!q}
 t - a potion of flight
 w - a potion of invisibility
 x - a potion of lignification


   Skills:
 + Level 4.3 Fighting
 * Level 7.6 Long Blades
 - Level 0.7 Armour
 + Level 4.5 Dodging
 * Level 3.6 Shields
 + Level 2.5 Invocations


You had 6 spell levels left.
You knew the following spells:

 Your Spells              Type           Power        Failure   Level  Hunger
a - Animate Skeleton      Necr           N/A          95%         1    ##.....


Dungeon Overview and Level Annotations

Branches:
Dungeon (6/15)
 Temple: D:4-7

Altars:
Cheibriados
Elyvilon
Gozag
Kikubaaqudgha
Makhleb
Nemelex Xobeh
Sif Muna
Vehumet
Zin


Innate Abilities, Weirdness & Mutations

Your natural rate of healing is unusually fast.
You have razor-sharp teeth.
You have supernaturally acute eyesight. (SInv)
You can survive without breathing.


Message History

The sky beast is almost dead.
The sky beast barely misses you.
You hit the sky beast.
You kill the sky beast!
Lugonu accepts your kill.
There is an escape hatch in the floor here.
You hit the wyvern skeleton.
The wyvern skeleton is moderately damaged.
The wyvern skeleton bites you.
You take 3 damage, and have 41/60 hp.
You hit the wyvern skeleton.
The wyvern skeleton is heavily damaged.
The wyvern skeleton bites you but does no damage.
The wyvern skeleton bites you.
You take 6 damage, and have 35/60 hp.
You slash the wyvern skeleton!
The wyvern skeleton is severely damaged.
You block the wyvern skeleton's attack.
You hit the wyvern skeleton.
The wyvern skeleton is almost destroyed.
The wyvern skeleton closely misses you.
You riposte.
You hit the wyvern skeleton.
You destroy the wyvern skeleton!
Lugonu accepts your kill.
You now have 332 gold pieces (gained 12).
Yummy - fresh blood!
Yummy - fresh blood!
You hear the brisk rusting of a very distant drain.
Things that are here:
a howler monkey skeleton; a bullfrog skeleton You hit the ogre but do no damage.
You bite the ogre.
The ogre is lightly wounded.
The ogre closely misses you.
You riposte.
You slash the ogre!
The ogre is moderately wounded.
You hit the ogre.
The ogre is moderately wounded.
The ogre hits you with a giant club!
* * * LOW HITPOINT WARNING * * *
You take 17 damage, and have 25/60 hp.
MASSIVE DAMAGE!!
You barely miss the ogre.
The ogre is moderately wounded.
The ogre hits you but does no damage.
You hit the ogre.
The ogre is heavily wounded.
You slash the ogre!
The ogre is severely wounded.
The ogre completely misses you.
You riposte.
You hit the ogre.
The ogre is severely wounded.
Your shield prevents you from hitting the ogre.
You bite the ogre.
The ogre is severely wounded.
You block the ogre's attack.
You hit the ogre.
The ogre is almost dead.
The ogre hits you with a giant club!
* * * LOW HITPOINT WARNING * * *
You take 10 damage, and have 17/60 hp.
You hit the ogre.
You kill the ogre!
Lugonu accepts your kill.
Things that are here:
a giant club; an ogre corpse You bottle the corpse's blood.
d - 11 potions of blood (gained 2)
Things that are here:
a giant club; an ogre skeleton Yummy - fresh blood!
You start resting.
You hear the brisk rusting of a very distant drain.
You regained 14 hp, and now have 35/60 hp.
Things that are here:
a giant club; an ogre skeleton An ogre comes into view.
It is wielding a giant club.
You hit the ogre.
The ogre is lightly wounded.
The ogre hits you with a giant club!!
* * * LOW HITPOINT WARNING * * *
You take 20 damage, and have 23/60 hp.
MASSIVE DAMAGE!!
Your shield and ring mail prevent you from hitting the ogre.
The ogre is lightly wounded.
The ogre hits you with a giant club.
* * * LOW HITPOINT WARNING * * *
You take 6 damage, and have 17/60 hp.
You slash the ogre!
The ogre is moderately wounded.
You slash the ogre!
The ogre is severely wounded.
The ogre barely misses you.
You riposte.
You completely miss the ogre.
The ogre is severely wounded.
You hit the ogre.
The ogre is almost dead.
The ogre hits you with a giant club!
* * * LOW HITPOINT WARNING * * *
You take 16 damage, and have 2/60 hp.
MASSIVE DAMAGE!!
You closely miss the ogre.
The ogre is almost dead.
You closely miss the ogre. You bite the ogre.
The ogre is almost dead.
The ogre hits you with a giant club.
You die...

...##.##.##..# #..# ..#.##..#
#..# #.#.##>.##
#..###.#.##...####.#
#..................#
####.....>.......# ##
#........#.......# .#
#.###########O..##
#####รท#####.....@....##
.....)..............).#########
####.######.............<.....#
#.....##.............#######.#
##.....##.#..........##
......<...#.......####
##.....####.......# #.....#
####.#### ###.### #.#


You could see an ogre.

Vanquished Creatures
  Sigmund (D:2)
  2 sky beasts
  2 ogres
  A bullfrog (D:6)
  A wyvern skeleton (D:6)
  A howler monkey (D:6)
  A crimson imp (D:4)
  A bullfrog zombie (D:5)
  2 centaur zombies
  An orc wizard (D:1)
  2 hounds
  Jessica (D:3)
  Terence (D:2)
  2 worker ants (D:4)
  Natasha (thrice) (D:3)
  2 worker ant zombies (D:5)
  Robin (D:1)
  A howler monkey skeleton (D:4)
  7 adders
  2 oozes (D:3)
  2 adder skeletons
  3 worms
  3 dart slugs
  5 leopard geckos
  3 orcs
  10 giant cockroaches
  17 goblins
  10 hobgoblins
  10 jackals
  7 kobolds
  2 quokkas
  A ball python (D:4)
  6 bats
  5 frilled lizards
  A leopard gecko zombie (D:5)
  A quokka zombie (D:5)
  6 rats
127 creatures vanquished.

Vanquished Creatures (collateral kills)
  A crimson imp (D:6)
1 creature vanquished.

Vanquished Creatures (others)
  Grinder (D:6)
1 creature vanquished.

Grand Total: 129 creatures vanquished

Notes
Turn   | Place    | Note
-------+----------+-------------------------------------------
     0 | Abyss:1  | Monsterracer the Vampire Abyssal Knight began the quest for the Orb.
     0 | Abyss:1  | Reached XP level 1. HP: 17/17 MP: 2/2
    10 | D:1      | Escaped the Abyss
    44 | D:1      | Reached XP level 2. HP: 19/23 MP: 3/3
    56 | D:1      | Reached skill level 3 in Long Blades
    62 | D:1      | HP: 10/23 [kobold (2)]
    70 | D:1      | HP: 4/23 [giant cockroach (1)]
   203 | D:1      | HP: 11/23 [rat (2)]
   363 | D:1      | Reached ** piety under Lugonu
   415 | D:1      | Reached XP level 3. HP: 28/28 MP: 4/4
   709 | D:1      | Reached skill level 4 in Long Blades
   709 | D:1      | Reached XP level 4. HP: 27/34 MP: 5/5
   807 | D:2      | Found a white marble altar of Elyvilon.
   874 | D:2      | Noticed Sigmund
   884 | D:2      | HP: 16/34 [Sigmund/scythe (11)]
  1107 | D:2      | Noticed Robin
  1115 | D:1      | HP: 17/34 [hobgoblin/club[Robin] (1)]
  1312 | D:1      | Killed Robin
  1349 | D:2      | Reached skill level 5 in Long Blades
  1349 | D:2      | Reached XP level 5. HP: 36/39 MP: 6/6
  1400 | D:2      | Killed Sigmund
  1400 | D:2      | Reached XP level 6. HP: 28/47 MP: 7/7
  1479 | D:2      | Found a deep blue altar of Sif Muna.
  1480 | D:2      | Found an ancient bone altar of Kikubaaqudgha.
  1480 | D:2      | Found a radiant altar of Vehumet.
  1482 | D:2      | Identified Kikubaaqudgha's Collected Works on Dark Secrets
  1577 | D:2      | Reached skill level 6 in Long Blades
  1616 | D:2      | Noticed Terence
  1628 | D:2      | Killed Terence
  1763 | D:2      | Reached *** piety under Lugonu
  2015 | D:3      | Noticed Natasha
  2027 | D:3      | Killed Natasha
  2031 | D:3      | Noticed Natasha
  2031 | D:3      | HP: 23/47 [Natasha/wand of flame (14) (12)]
  2036 | D:3      | HP: 21/47 [Natasha/wand of flame (12) (1)]
  2121 | D:3      | Killed Natasha
  2121 | D:3      | Reached skill level 1 in Shields
  2160 | D:3      | Found a glowing silver altar of Zin.
  2160 | D:3      | Found a burning altar of Makhleb.
  2161 | D:3      | Noticed an Executioner
  2161 | D:3      | Noticed an angel
  2179 | D:3      | Noticed Natasha
  2188 | D:3      | Killed Natasha
  2211 | D:3      | Found a snail-covered altar of Cheibriados.
  2275 | D:3      | Noticed Jessica
  2279 | D:3      | Killed Jessica
  2335 | D:3      | Found a sparkling altar of Nemelex Xobeh.
  2627 | D:4      | Reached XP level 7. HP: 31/52 MP: 8/8
  3316 | D:4      | Learned a level 1 spell: Animate Skeleton
  3443 | D:4      | Found an opulent altar of Gozag.
  3443 | D:4      | Found a sparkling altar of Nemelex Xobeh.
  3683 | D:5      | Entered Level 5 of the Dungeon
  4000 | D:5      | Reached skill level 7 in Long Blades
  4388 | D:6      | Noticed Grinder
  4389 | D:6      | Paralysed by Grinder for 5 turns
  4397 | D:6      | Paralysed by Grinder for 7 turns
  4411 | D:6      | HP: 27/54 [bullfrog (7)]
  4415 | D:6      | Reached XP level 8. HP: 27/60 MP: 9/9
  4416 | D:6      | HP: 25/60 [howler monkey (3)]
  4447 | D:6      | Reached **** piety under Lugonu
  4452 | D:6      | Your ally died
  4456 | D:6      | HP: 25/60 [ogre/giant club (5)]
  4457 | D:6      | HP: 3/60 [ogre/giant club (23)]
  4652 | D:6      | HP: 25/60 [ogre/giant club (17)]
  4657 | D:6      | HP: 17/60 [ogre/giant club (10)]
  4721 | D:6      | HP: 23/60 [ogre/giant club (20)]
  4725 | D:6      | HP: 2/60 [ogre/giant club (17)]
  4727 | D:6      | Slain by an ogre

Skill      XL: |  1  2  3  4  5  6  7 |
---------------+----------------------+-----
Long Blades    | 3 4 5 6 7 |  7.6
Fighting       | 3 4 |  4.3
Dodging        | 3 4 |  4.5
Shields        | 1 3 |  3.6
Invocations    | 2 |  2.5
Armour         | |  0.7

Action                   |  1- 3 |  4- 6 |  7- 9 || total
-------------------------+-------+-------+-------++-------
Melee: Falchion          |    86 |   233 |   191 ||   510
       Bite              |    12 |    27 |    29 ||    68
Evoke: Wand              |       |       |     1 ||     1
  Use: Potion            |     6 |     9 |    14 ||    29
       Scroll            |       |    11 |     6 ||    17
 Stab: Sleeping          |     1 |       |       ||     1
Armor: Leather armour    |    26 |       |       ||    26
       Ring mail         |       |    70 |    39 ||   109
Dodge: Dodged            |    72 |   138 |    74 ||   284
Block: Shield            |       |       |    47 ||    47
       Rpst.: Falchion   |    31 |    36 |    21 ||    88

Vault maps used:
D:1:      grunt_arrival_lava_bath
D:2:      grunt_temple_overflow_magic_moments, nicolae_overflow_crystal_walls,
          uniq_sigmund, uniq_terence, uniq_robin
D:3:      grunt_temple_overflow_order_and_chaos_2, kennysheep_slug_shrine,
          nemelex_lonely_heart_becter, uniq_jessica, uniq_natasha
D:4:      grunt_temple_overflow_opulence, minmay_misc_feat_four_crosses,
          minivault_25
D:5:      first_ration, serial_undead, serial_undead_e, serial_undead_a,
          serial_undead_e, serial_undead_e, serial_bayou_pond_b
D:6:      temple_statues, gup_sewer_entry_bowl, uniq_grinder
